← All builds
Beach sea / Cortex / Economy first / OBSERVED BUILD

Standard beach sea

Cortex Beach sea build order · Supreme Isthmus

The role's usual play: com goes to sea to build a shipyard around 2 minutes, pumping frigates and destroyers to contest enemy sea entry or hold vision, with an advanced metal extractor around 10 minutes as the transition into the team's…

Usually shipyard first (93%)

#naval #eco · 1677 distinct matches · 217 players · 84% of Cortex Beach sea games · team won 55% of 1885 · Recently observed

HOW TO PLAY IT

Key timing: Shipyard by 1:56

  1. Open 3 mex, then send com to sea to build Shipyard by 1:56.
  2. Add tidal generators, wind and more mex to fund the shipyard.
  3. Pump Riptide first, then Oppressor to contest enemy sea entry.
  4. Get T2 constructor out to start scaling the naval economy.
  5. Transition into Advanced Metal Extractor as the economy phase begins.

Phase by phase

TYPICAL OF ITS 1677 GAMES
  1. 1
  2. 2
  3. 3
PLAY THE OPENING

Follow the example game's first 6:00 step by step: what to build now, what comes next, and where it goes. At 1× it keeps pace with your own game.

  1. 1

    Up to the Shipyard

    Economy
    • Metal Extractor3Mex
    • Wind Turbine3Windfor allies
    • Wind Turbine2Wind
    • Energy Storage1Energy storage
    Order
    1. ShipyardShipyard after 3 mex, 2 wind, 1 energy storagedone ~1:56, middle half 1:44–2:07

    Some games also: Guard (31%)

    By 1:39 in all: 3 mex · 2 wind · 1 energy storage

    The example game in this phase · 5 steps
    1. Mex ×3
    2. Wind ×2
    3. Wind ×3for Air
    4. Energy storage
    5. ShipyardShipyarddone 1:52 · typical 1:56
  2. 2

    Shipyard to 5:00

    Economy
    • Metal Extractor5Mex
    • Tidal Generator2Tidal
    Builders
    • Construction Ship2 Con ship
    Army
    • Riptide2 Frigate
    • Herring1 Missile corvette
    • Oppressor1 Destroyer
    Other
    • Naval Radar / Sonar Tower1 Naval Radar / Sonar Tower

    Some games also: Urchin (46%) · mex (38%) · wind (37%) · submarine (37%) · wind (35%)

    By 5:00 in all: 8 mex · 3 wind · 2 tidal · 1 energy storage

    The example game in this phase · 21 steps
    1. Tidal
    2. Construction ShipCon ship
    3. Tidal
    4. Construction ShipCon ship
    5. OrcaSubmarinedone 2:45
    6. Mex
    7. Con turret
    8. RiptideFrigatedone 3:33 · typical 3:50
    9. Mex ×3
    10. GuardGuard
    11. Naval Radar / Sonar TowerNaval Radar / Sonar Tower
    12. RiptideFrigate
    13. Naval Radar / Sonar TowerNaval Radar / Sonar Tower
    14. Wind ×4
    15. OppressorDestroyerdone 5:20 · typical 5:16
    16. Mex ×2
    17. Wind
    18. Mex
    19. Wind
    20. GuardGuard
    21. Wind ×3
  3. 3

    5:00 to 10:00

    Economy
    • Metal Extractor2Mex
    • Wind Turbine8Wind
    Builders
    • Construction Ship1 Con ship
    • Death Cavalry1 Death Cavalry
    Army
    • Urchin1 Urchin
    • Riptide5 Frigate
    • Oppressor2 Destroyer
    • Herring2 Missile corvette
    Other
    • Naval Radar / Sonar Tower1 Naval Radar / Sonar Tower

    Some games also: Naval Construction Turret (49%) · Guard (47%) · tidal (40%) · Radar Tower (39%) · wind (35%)

    By 10:00 in all: 9 mex · 10 wind · 4 wind · 4 tidal · 1 energy storage · 1 Naval Construction Turret

    The example game in this phase · 39 steps
    1. Wind
    2. Mex
    3. Radar TowerRadar Tower
    4. Wind ×2
    5. HerringMissile corvette
    6. Wind
    7. RiptideFrigate
    8. Wind
    9. Mex
    10. Wind ×2
    11. OppressorDestroyer
    12. Wind
    13. UrchinUrchin
    14. Wind ×3
    15. Naval Radar / Sonar TowerNaval Radar / Sonar Tower
    16. Converter
    17. Dragon's MawDragon's Maw
    18. RiptideFrigate
    19. Converter ×2
    20. RiptideFrigate
    21. Converter
    22. Wind
    23. RiptideFrigate
    24. Wind ×3
    25. OppressorDestroyer
    26. Wind ×6
    27. OppressorDestroyer
    28. Wind ×4
    29. HerringMissile corvette
    30. Death CavalryDeath Cavalry
    31. Naval Construction Turret
    32. Wind ×2
    33. Advanced Metal ExtractorT2 mexdone 9:20 · typical 9:59
    34. Death CavalryDeath Cavalry
    35. Naval Construction Turret
    36. Naval Radar / Sonar TowerNaval Radar / Sonar Tower
    37. Advanced Metal ExtractorT2 mex
    38. Naval Construction Turret
    39. Twin GuardTwin Guard

Counts are medians over the build's games: half of them build more, half fewer. The example game is fanboi's (33 OS, 15/10/2026); pick another.

Team trades

IN AT LEAST 30% OF ITS GAMES

You hand over

  • Wind Turbine3 Wind to Airfirst at 1:45 · in 77% of games

You get

  • Finch1 Finch from Airfirst at 2:00 · in 79% of games
  • Lazarus1 Lazarus from Geofirst at 2:13 · in 62% of games
  • Hephaestus1 Heavy transport from Airfirst at 2:15 · in 64% of games
  • Construction Bot1 Con bot from Geofirst at 2:26 · in 69% of games
  • Hercules1 Light transport from Airfirst at 2:32 · in 32% of games
  • Advanced Construction Bot1 T2 con bot from Techfirst at 8:09 · in 88% of games

How it plays out

Typical game of this build, running totals by minute

Metal produced

010k20k30k
0:005:0010:0015:00

metal

Enemy metal destroyed

05k10k
0:005:0010:0015:00

metal

Own metal lost

02.5k5k7.5k
0:005:0010:0015:00

metal

1885 games.

Show as table
ByMetal produced: This buildEnemy metal destroyed: This buildOwn metal lost: This build
1:0040300
2:0093600
3:00155300
4:002540051
5:003718175101
6:005051483270
7:006495972585
8:0080841660992
9:00968426221510
10:001153837112275
11:001368447133049
12:001620157803831
13:001887868674591
14:002162279085631
15:002452188596491
WHAT THE NUMBERS SAY

Standard Beach sea play has the lowest team win rate of these builds and destroys far less enemy metal early than it loses eco time.

  • + Metal produced climbs to 24945 by 15:00, the highest of all six roles.
  • + Riptide and Oppressor together make 63% of army, a focused naval composition.
  • − Enemy metal destroyed is only 200 by 5:00, barely contesting early sea.
  • − T2 factory only reached in 35% of games, behind other roles' T2 timing.
THE EXAMPLE YOU ARE READING

fanboi

33.3 OS · 15/10/2026

Open source match ↗

6 received units · includes a constructor
1712 metal received · 50892 energy received

Allied construction assistance is unknown. Timings are observations, not a promise of solo reproducibility.

Typical milestones

Shipyard1:56Middle 50%: 1:44–2:07 · n=1882
Riptide3:50Middle 50%: 3:12–4:34 · n=1837
Oppressor5:16Middle 50%: 4:30–6:08 · n=1816
Advanced Metal Extractor9:59Middle 50%: 9:17–10:54 · n=1587

Played most by

EpicTyrannus122games of this buildDamsko69games of this buildKbot_my_Ahole67games of this buildfanboi66games of this buildSHOGVN65games of this build